[Event "NOR-ch Women 2019"]
[Site "Bekkestua"]
[Date "2019.03.15"]
[Round "1.2"]
[White "Johnsen, Sylvia"]
[Black "Szemes, Eva Weston"]
[Result "1-0"]
[ECO "A25"]
[WhiteElo "1982"]
[BlackElo "1335"]
[Annotator "NA RC"]
[PlyCount "55"]
[EventDate "2019.03.15"]
[EventType "swiss"]
[EventCountry "NOR"]
[SourceTitle "playchess.com"]
[Source "ChessBase"]
[SourceQuality "1"]
[TimeControl "5400+30"]

1. c4 e5 2. Nc3 Nf6 3. g3 Nc6 4. Bg2 b6 5. d3 {[%emt 0:01:49] A25: English Opening vs King's Indian with ...Nc6 but without early d3} (5. Nf3 Rb8 6. O-O Be7 7. d4 exd4 8. Nb5 Bb7 9. Bf4 d6 10. Nfxd4 Nxd4 11. Bxb7 Rxb7 12. Nxd4 O-O {1-0 (45) Cimins,A (2137)-Portych,V (2178) ICCF email 2011}) 5... Bb7 6. Nf3 g6 {[%emt 0:01:46] [#]} 7. Nxe5 $1 {[%emt 0:02:11] Pin} Bg7 8. Nxc6 $146 ({Predecessor:} 8. O-O O-O 9. d4 Na5 10. b4 Bxg2 11. Kxg2 Nb7 12. Bg5 d6 13. Nd5 Re8 14. Bxf6 Bxf6 15. Nc6 {1-0 (15) Lewis,M (1645)-Whiting,D (821) IECG email 1998}) 8... Bxc6 9. e4 O-O 10. O-O d6 (10... Ne8 $142 11. d4 Rc8) 11. Bg5 Qd7 12. Qd2 Rfe8 13. Rae1 Re7 (13... a6 {is a better defense.} 14. d4 b5) 14. b4 a6 $2 {[%emt 0:03:56] [#]} (14... Ree8 15. f4 h6) 15. d4 (15. b5 $142 $1 axb5 16. cxb5) 15... Rae8 (15... Ree8 {is a better defense.} 16. f4 Ng4) 16. d5 Bb7 17. Qd3 h6 18. Bd2 Bc8 (18... Ng4 $16 {was worth a try.} 19. f4 c6) 19. f4 Qd8 20. h3 c5 $2 (20... Bb7 {is more resistant.} 21. Be3 a5) 21. dxc6 Qc7 22. b5 axb5 23. cxb5 Be6 24. Be3 Rb8 25. Rd1 Ne8 26. f5 gxf5 27. exf5 Bc8 28. Nd5 $18 {[%emt 0:00:38] Double Attack} 1-0

[Event "NOR-ch Women 2019"]
[Site "Bekkestua"]
[Date "2019.03.15"]
[Round "1.3"]
[White "Lotz, Corinna"]
[Black "Ayzenberg, Alena"]
[Result "0-1"]
[ECO "C01"]
[WhiteElo "1334"]
[BlackElo "1908"]
[Annotator "NA RC"]
[PlyCount "74"]
[EventDate "2019.03.15"]
[EventType "swiss"]
[EventCountry "NOR"]
[SourceTitle "playchess.com"]
[Source "ChessBase"]
[SourceQuality "1"]
[TimeControl "5400+30"]

1. e4 e6 2. Nc3 d5 3. exd5 exd5 4. d4 Bb4 5. Qe2+ (5. Bd3 Nf6 6. Nge2 O-O 7. O-O c6 8. Bg5 h6 9. Bh4 Re8 10. f3 Nbd7 11. Qd2 Nf8 12. Rae1 Bd6 13. Bg3 Ng6 14. Bxd6 Qxd6 15. Bxg6 fxg6 {1-0 (39) Aronian,L (2767)-Caruana,F (2822) chess.com INT 2018}) 5... Qe7 (5... Ne7 $15) 6. Bd2 {[%emt 0:04:18] C01: French: Exchange Variation} c6 7. a3 Bd6 $146 ({Predecessor:} 7... Bxc3 8. Bxc3 Bf5 9. O-O-O Nd7 10. Qf3 Be4 11. Qg4 f5 12. Qg3 Ngf6 {0-1 (25) Tyrrell,L-Liu,H (1479) Hong Kong 2015}) 8. Nf3 Bg4 9. Qxe7+ Nxe7 10. Ne5 Be6 11. f4 Nf5 12. Ne2 h5 13. h4 (13. Nf3 $15) 13... f6 14. Nd3 Nd7 15. g3 Nh6 16. Bh3 Bf5 17. Bxf5 Nxf5 18. Rg1 O-O-O 19. O-O-O Rde8 20. Rde1 Nb6 21. Bb4 Bxb4 22. axb4 Nc4 23. b3 Nce3 24. c3 Re7 25. Kd2 Rhe8 26. Nec1 Ng4 27. Rxe7 Rxe7 ({Not} 27... Nxe7 28. Re1 $17) 28. Ne2 Nd6 29. Kd1 (29. Ke1 {was called for.}) 29... Re3 30. Nc5 b6 31. Na4 Ne4 32. Nc1 Nxc3+ 33. Nxc3 Rxc3 34. Kd2 Re3 35. Rg2 Kd7 36. Kc2 Re4 37. Ne2 $2 (37. Kd3) 37... Ne3+ $19 {[%emt 0:00:42] Double Attack} 0-1

[Event "NOR-ch Women 2019"]
[Site "Bekkestua"]
[Date "2019.03.15"]
[Round "1.4"]
[White "Kyrkjebo, Hanna B."]
[Black "Selvik, Elma"]
[Result "1-0"]
[ECO "B40"]
[WhiteElo "1896"]
[BlackElo "1329"]
[Annotator "NA RC"]
[PlyCount "65"]
[EventDate "2019.03.15"]
[EventType "swiss"]
[EventCountry "NOR"]
[SourceTitle "playchess.com"]
[Source "ChessBase"]
[SourceQuality "1"]
[TimeControl "5400+30"]

1. e4 c5 2. Nf3 e6 3. d3 Qc7 4. g3 Nc6 5. Bg2 {[%emt 0:00:42] B40: Sicilian: 2...e6, Unusual lines} Nf6 6. O-O Be7 7. Qe2 O-O (7... d5 8. Bf4 Qd8 9. e5 Nd7 10. h4 b5 11. c3 Bb7 12. Na3 {1-0 (34) Jones,G (2682)-Geller,J (2518) St Petersburg 2018}) 8. Re1 b6 $146 ({Predecessor:} 8... d6 9. c3 e5 10. Na3 a6 11. Nc4 Be6 {1-0 (37) Neelotpal,D (2468)-Tung,K (2125) San Sebastian 2005}) 9. e5 Nd5 {[%emt 0:03:28] [#]} (9... Ne8 $1 $11 {keeps the balance.}) 10. c4 $1 Ndb4 11. a3 Na6 12. Nc3 Bb7 13. Nb5 Qd8 14. Bf4 f6 (14... Nc7 $14) 15. exf6 Rxf6 16. Qd1 d6 $2 (16... Nab8 $16 {was called for.} 17. Nd2 Na5) 17. Ng5 Qd7 {[%emt 0:06:06] [#]} 18. Nxe6 $1 Rxe6 $2 (18... Rf7 19. Rc1 Rb8) 19. Rxe6 Nc7 20. Nxc7 Qxc7 21. Bd5 Kh8 22. Qe1 h6 23. Qe4 Bf8 24. Qg6 $2 (24. Re1 Qd7 25. Re8) 24... Ne7 25. Bxd6 Nxg6 (25... Qxd6 $142 26. Rxd6 Nxg6) 26. Bxc7 Bxd5 27. cxd5 Kh7 28. d6 Nh8 29. d7 Nf7 30. Re8 Be7 31. Rxa8 a5 32. d8=Q Bxd8 33. Bxd8 $18 1-0

[Event "NOR-ch Women 2019"]
[Site "Bekkestua"]
[Date "2019.03.15"]
[Round "1.5"]
[White "Bjerke, Vilde"]
[Black "Kyrkjebo, Marte B."]
[Result "0-1"]
[ECO "C52"]
[WhiteElo "1251"]
[BlackElo "1830"]
[Annotator "NA RC"]
[PlyCount "72"]
[EventDate "2019.03.15"]
[EventType "swiss"]
[EventCountry "NOR"]
[SourceTitle "playchess.com"]
[Source "ChessBase"]
[SourceQuality "1"]
[TimeControl "5400+30"]

1. e4 e5 2. Nf3 Nc6 3. Bc4 Bc5 4. b4 Bxb4 5. c3 Ba5 6. d4 exd4 7. O-O Nge7 {[%emt 0:03:01] C52: Evans Gambit Accepted: 5 c3 Ba5} (7... d3 8. Qb3 Qf6 9. e5 Qg6 10. Rd1 d2 11. Nbxd2 Nge7 12. Nf1 b5 13. Bd3 Qe6 14. Qc2 Nxe5 15. Nxe5 Qxe5 16. Bb2 Bb7 {0-1 (58) Kislinsky,A (2513)-Simacek,P (2490) Legnica 2017}) 8. Bxf7+ $2 (8. cxd4 $11 d5 9. exd5 Nxd5 10. Qb3) 8... Kxf7 9. Ng5+ Kg8 10. Qb3+ d5 11. Ba3 h6 12. Nf3 Bxc3 $146 ({Predecessor:} 12... Bg4 13. Nxd4 Nxd4 14. cxd4 Bb6 15. Nc3 {0-1 (49) Lhermitte,J (1470)-Drapchin,M (1814) Gerlingen 2007}) 13. Nxc3 dxc3 14. Rfd1 Be6 15. Qxc3 Qe8 16. Bb2 Qf7 17. exd5 Nxd5 18. Qd2 Nf6 19. Qf4 Kh7 20. Bxf6 Qxf6 21. Qxc7 Rab8 22. Rac1 Rhc8 23. Qg3 Rd8 24. Re1 Bxa2 25. Rc2 Bb3 26. Rce2 Rd1 27. Nd2 Rxe1+ 28. Rxe1 Bf7 29. Ne4 Qg6 30. Qc7 Re8 31. f3 Re7 32. Qf4 a5 33. Ra1 Nd4 34. Ng5+ Qxg5 35. Qxd4 Qe5 36. Qxe5 Rxe5 $19 0-1

[Event "NOR-ch Women 2019"]
[Site "Bekkestua"]
[Date "2019.03.15"]
[Round "1.6"]
[White "Mrachek, Svetlana"]
[Black "Sathren, Linda Fagerli"]
[Result "1-0"]
[ECO "D03"]
[WhiteElo "1628"]
[BlackElo "1219"]
[Annotator "NA RC"]
[PlyCount "79"]
[EventDate "2019.03.15"]
[EventType "swiss"]
[EventCountry "NOR"]
[SourceTitle "playchess.com"]
[Source "ChessBase"]
[SourceQuality "1"]
[TimeControl "5400+30"]

1. d4 d5 2. Nf3 Nf6 3. Bg5 e6 4. e3 Be7 5. Nbd2 O-O 6. Bd3 c5 7. c3 Nc6 8. Bxf6 Bxf6 9. Qc2 g6 10. dxc5 a5 11. Rb1 e5 12. Be2 Bf5 13. e4 dxe4 14. Nxe4 Qd5 15. Nxf6+ Kg7 16. Nxd5 Bxc2 17. Rc1 Be4 18. Nb6 Rad8 19. O-O Bd3 20. Bxd3 Rxd3 21. a3 Re8 22. Nc4 e4 23. Nd6 Re7 24. Ne1 Rd2 25. Nc2 f5 26. Rfd1 Re2 27. Kf1 Rxc2 28. Rxc2 Kf6 29. Nxb7 Kg5 30. Nd6 Ne5 31. h3 Nd3 32. b4 Rc7 33. f3 Kf4 34. fxe4 fxe4 35. Nxe4 Nxb4 36. cxb4 Kxe4 37. Re2+ Kf5 38. Rd5+ Kf6 39. b5 Rf7 40. Rf2+ 1-0

[Event "NOR-ch Women 2019"]
[Site "Bekkestua"]
[Date "2019.03.15"]
[Round "1.7"]
[White "Vatneodegard, Marie"]
[Black "Larre, Linnea"]
[Result "0-1"]
[ECO "A48"]
[WhiteElo "1064"]
[BlackElo "1599"]
[Annotator "NA RC"]
[PlyCount "76"]
[EventDate "2019.03.15"]
[EventType "swiss"]
[EventCountry "NOR"]
[SourceTitle "playchess.com"]
[Source "ChessBase"]
[SourceQuality "1"]
[TimeControl "5400+30"]

1. d4 Nf6 2. Nf3 g6 3. Bf4 Bg7 4. e3 c5 5. c3 b6 6. Be2 O-O 7. O-O Bb7 8. h3 d6 9. Nbd2 Nbd7 10. Bg3 Re8 11. e4 Nxe4 12. Nxe4 Bxe4 13. Bh4 Nf6 14. Ng5 Bc6 15. Bd3 cxd4 16. cxd4 Rc8 17. Rc1 Qd7 18. Be2 Qb7 19. Nf3 Rc7 20. Qd3 Rec8 21. Bxf6 Bxf6 22. Rc3 Be4 23. Qd2 Qd5 24. Rd1 Qxa2 25. Rxc7 Rxc7 26. Qf4 Bf5 27. d5 Qxb2 28. Nd4 Bxd4 29. Rxd4 Qxe2 30. Rd2 Rc1+ 31. Kh2 Qe5 32. Qg3 Qxg3+ 33. Kxg3 a5 34. Rb2 Rb1 35. Rd2 b5 36. Rd4 b4 37. Rc4 b3 38. Rc8+ Bxc8 0-1

[Event "NOR-ch Women 2019"]
[Site "Bekkestua"]
[Date "2019.03.16"]
[Round "2.1"]
[White "Larre, Linnea"]
[Black "Johnsen, Sylvia"]
[Result "1-0"]
[ECO "A34"]
[WhiteElo "1599"]
[BlackElo "1982"]
[Annotator "NA RC"]
[PlyCount "47"]
[EventDate "2019.03.15"]
[EventType "swiss"]
[EventCountry "NOR"]
[SourceTitle "playchess.com"]
[Source "ChessBase"]
[SourceQuality "1"]
[TimeControl "5400+30"]

1. c4 c5 2. g3 Nf6 3. Bg2 d5 4. cxd5 Nxd5 5. Nc3 Nc7 6. Nf3 Nc6 7. d3 e5 8. Be3 Be7 9. Rc1 {[%emt 0:01:11] A34: Symmetrical English: 2 Nc3, lines with ...d5} (9. Nd2 Bd7 10. Rc1 Rc8 11. O-O O-O 12. Nc4 f6 13. Bxc6 Bxc6 14. Na5 Ne6 15. Nxc6 Rxc6 16. Qa4 Ra6 17. Qb3 Qd7 18. Ne4 Rb6 19. Qc4 Rc8 {0-1 (43) Gajewski,G (2648)-Steingrimsson,H (2530) Reykjavik 2015}) 9... Be6 10. a3 O-O $146 ({Predecessor:} 10... Qd7 11. Na4 b6 12. b4 O-O 13. bxc5 Nd5 14. Bd2 b5 15. Nc3 Rab8 16. O-O f6 {0-1 (48) Johannesson,I (2344)-Misiuga,A (2147) Reykjavik 2007}) 11. Na4 c4 ({Black should play} 11... b6 $15) 12. dxc4 Qxd1+ 13. Kxd1 f6 14. Ke1 Rfd8 15. Nd2 Bf7 16. Bxc6 bxc6 17. f3 Ne6 18. Ne4 f5 19. Nec5 Nd4 20. Kf2 Rab8 21. b4 Bf6 22. Rhd1 g5 23. Bxd4 Rxd4 $18 (23... exd4 $16 24. h3 Rd6) 24. Rxd4 1-0

[Event "NOR-ch Women 2019"]
[Site "Bekkestua"]
[Date "2019.03.16"]
[Round "2.2"]
[White "Ayzenberg, Alena"]
[Black "Hina, Ariza"]
[Result "1-0"]
[ECO "E09"]
[WhiteElo "1908"]
[BlackElo "1594"]
[Annotator "NA RC"]
[PlyCount "101"]
[EventDate "2019.03.15"]
[EventType "swiss"]
[EventCountry "NOR"]
[SourceTitle "playchess.com"]
[Source "ChessBase"]
[SourceQuality "1"]
[TimeControl "5400+30"]

1. d4 d5 2. c4 e6 3. Nf3 Nf6 4. g3 Nbd7 5. Bg2 c6 6. Nbd2 Be7 7. O-O O-O 8. Qc2 dxc4 {[%emt 0:04:30] E09: Closed Catalan: Main Line: 7 Qc2 c6 8 Nbd2} (8... b6 $11 9. e4 Ba6 10. e5 Ne8 11. Re1 Rc8 12. cxd5 cxd5 13. Qd1 Qc7 14. Nb1 Qc2 15. Nc3 Qxd1 16. Rxd1 Nc7 17. h4 Nb5 {½-½ (69) Yu,Y (2751)-Le,Q (2737) Huaian 2017}) 9. Nxc4 Re8 10. e4 (10. Bd2 $16) 10... Nf8 $146 ({Black should try} 10... b6 $14) ({Predecessor:} 10... Bf8 11. Bf4 Nb6 12. Nce5 h6 13. Rfd1 Qe7 14. Rac1 Rd8 15. h3 Bd7 16. Qe2 Be8 17. Nd3 {1-0 (80) Flick,A (2167)-Zymberi,A (2089) Ditzingen 2015}) 11. Bd2 Ng6 12. Rfd1 Qc7 13. Nfe5 Nxe5 14. dxe5 Nd7 15. Bc3 Rd8 16. f4 Nb6 17. Rxd8+ Bxd8 18. Nd6 Bd7 19. Rd1 Be7 20. Ba5 Rd8 21. Bb4 Be8 22. Nxe8 Rxe8 23. Bd6 Bxd6 24. exd6 Qd7 25. Qc5 f6 (25... e5 $16) 26. Bh3 Nc8 (26... Qf7 $142 27. Rd2 Ra8) 27. e5 f5 (27... Nb6 $142 28. Re1 Kh8) 28. a4 Rd8 29. Bg2 Qf7 30. Rc1 Rd7 31. b4 a6 32. b5 axb5 33. axb5 Rd8 34. bxc6 bxc6 35. Qxc6 Qa7+ 36. Kh1 Kf8 37. Qc7 (37. Qxc8 $142 Qd7 38. Qxd7 {[%mdl 64] Overworked Piece} Rxd7 39. Rc8+ Kf7 40. Bc6 Re7 41. Rc7 Rd7 42. Bxd7) 37... Qxc7 38. Rxc7 Nb6 39. h4 Nd5 40. Bxd5 exd5 41. Rc5 d4 42. Rd5 Ke8 (42... Kf7 $142 43. Rxd4 Ke6) 43. Rxd4 Kd7 44. Ra4 $18 Ke8 45. Ra7 Kf8 46. Kg2 h6 47. Kf3 h5 48. Ke3 g6 49. Kd4 Kg8 50. Kd5 Kf8 51. e6 1-0

[Event "NOR-ch Women 2019"]
[Site "Bekkestua"]
[Date "2019.03.16"]
[Round "2.3"]
[White "Eiding, Amanda Mai Irgens"]
[Black "Kyrkjebo, Hanna B."]
[Result "0-1"]
[ECO "C45"]
[WhiteElo "1503"]
[BlackElo "1896"]
[Annotator "NA RC"]
[PlyCount "74"]
[EventDate "2019.03.15"]
[EventType "swiss"]
[EventCountry "NOR"]
[SourceTitle "playchess.com"]
[Source "ChessBase"]
[SourceQuality "1"]
[TimeControl "5400+30"]

1. e4 e5 2. Nf3 Nc6 3. d4 exd4 4. Nxd4 Bc5 5. Be3 Qf6 6. c3 Nge7 7. Bc4 Ne5 8. Bb3 {[%emt 0:03:24] LiveBook: 20 Games} d6 {[%emt 0:03:35] C45: Scotch Game} (8... Qa6 9. Bc2 d5 10. Nb5 Bd6 11. Nd2 O-O 12. Qe2 Bd7 13. Nxd6 Qxe2+ 14. Kxe2 cxd6 15. a4 Rfe8 16. Rhd1 {½-½ (52) Li,C (2725)-Bai,J (2594) Hangzhou 2018}) 9. h3 {[%emt 0:03:30] [#]} (9. O-O $11) 9... O-O (9... Qg6 $1 $17 10. Kf1 Qxe4) 10. Qh5 $146 (10. f4 $11) ({Predecessor:} 10. Bc2 Nc4 11. b3 Nxe3 12. fxe3 Qh4+ 13. Kf1 f5 14. exf5 Bxf5 15. Nf3 Bxc2 16. Qxc2 Nd5 17. Ke2 Qg3 18. Nbd2 Nxe3 19. Qe4 Rae8 {0-1 (19) Abrahamyan,A (1664)-Gutacker,S (1936) Frankfurt 2010}) 10... Nd3+ 11. Kf1 Nc6 12. Qf3 Qxf3 ({Don't play} 12... Bxd4 $6 13. cxd4 Qxf3 14. gxf3 $11) ({Much weaker is} 12... Nxb2 $6 13. Qxf6 gxf6 14. Nd2 $11) 13. gxf3 Na5 14. Nd2 Nxb3 15. axb3 Bd7 16. Ke2 Bxd4 ({Weaker is} 16... Nxb2 17. Rhb1 $18) 17. Kxd3 Bxe3 18. fxe3 a6 19. Nf1 f5 20. exf5 Bxf5+ 21. e4 (21. Ke2 $11) 21... Be6 22. Nd2 Rf4 23. Ke3 Rh4 24. f4 Rxh3+ 25. Rxh3 Bxh3 26. f5 Bg4 27. Rg1 h5 28. Nf1 {[%emt 0:01:30] [#]} Re8 (28... d5 $1 $17 29. Kf4 (29. exd5 Bxf5) 29... dxe4) 29. Kf4 $1 Kf7 30. Nh2 Be2 31. Re1 Bd3 32. Re3 Bb5 33. Kg5 (33. Nf3 $17) 33... Bc6 34. Kxh5 $2 (34. Kf4) 34... Rh8+ 35. Kg5 Rxh2 36. e5 dxe5 $19 37. Rxe5 Rxb2 0-1

[Event "NOR-ch Women 2019"]
[Site "Bekkestua"]
[Date "2019.03.16"]
[Round "2.4"]
[White "Kyrkjebo, Marte B."]
[Black "Landsverk, Ida"]
[Result "1/2-1/2"]
[ECO "B12"]
[WhiteElo "1830"]
[BlackElo "1369"]
[Annotator "NA RC"]
[PlyCount "101"]
[EventDate "2019.03.15"]
[EventType "swiss"]
[EventCountry "NOR"]
[SourceTitle "playchess.com"]
[Source "ChessBase"]
[SourceQuality "1"]
[TimeControl "5400+30"]

1. e4 c6 2. d4 d5 3. e5 c5 4. dxc5 e6 5. Be3 Nd7 6. Bb5 {[%emt 0:03:38] B12: Caro-Kann: Advance Variation} Ne7 7. c3 a6 8. Bxd7+ Bxd7 9. Nf3 Nf5 10. Bd4 Nxd4 11. Qxd4 Rb8 $146 ({Predecessor:} 11... Rc8 12. b4 b6 13. cxb6 Rc4 {½-½ (22) Firnhaber,I (2515)-Holroyd,K (2533) ICCF email 2015}) 12. O-O b6 13. cxb6 Qxb6 14. Qxb6 Rxb6 15. b3 Rc6 16. Nd4 Rc7 17. Rc1 Be7 18. Nd2 f6 19. N2f3 Kf7 20. Rc2 Rhc8 21. Rac1 Ba3 22. Re1 Rxc3 23. Rce2 Rc1 24. g3 Rxe1+ 25. Rxe1 Bb4 26. Rd1 Bc3 27. Kg2 Bxd4 ({Black should try} 27... h5 28. h4 Bb4) 28. Rxd4 Rc2 29. a4 Re2 30. exf6 gxf6 31. Rb4 (31. Rf4 $15) 31... Kg6 $2 {[%emt 0:12:27] [#]} (31... e5 $17 32. Rb7 Ke8) 32. Rb6 ({White should play} 32. Rb7 $1 $16 Be8 33. Ra7) 32... Rb2 33. Rxa6 Rxb3 (33... Kf7 $11) 34. Nd4 Ra3 35. Nxe6 Bxe6 36. Rxe6 Rxa4 37. Rd6 d4 38. Kf3 Kf5 39. Rd7 h5 40. Rd5+ Kg6 41. Ke4 Ra2 42. Rxd4 Rxf2 43. h4 Rf1 44. Rd5 Rf2 $11 45. Ke3 Rf1 46. Ke2 Ra1 47. Kf3 Ra3+ 48. Kf4 Ra4+ 49. Kf3 Ra3+ 50. Kf4 Ra4+ 51. Kf3 1/2-1/2

[Event "NOR-ch Women 2019"]
[Site "Bekkestua"]
[Date "2019.03.16"]
[Round "2.5"]
[White "Bjorkly, Sara Marie Skaug"]
[Black "Mrachek, Svetlana"]
[Result "1-0"]
[ECO "D11"]
[WhiteElo "1368"]
[BlackElo "1628"]
[Annotator "NA RC"]
[PlyCount "74"]
[EventDate "2019.03.15"]
[EventType "swiss"]
[EventCountry "NOR"]
[SourceTitle "playchess.com"]
[Source "ChessBase"]
[SourceQuality "1"]
[TimeControl "5400+30"]

1. d4 d5 2. c4 c6 3. Nc3 Bf5 4. cxd5 cxd5 5. Nf3 e6 6. e3 a6 7. Ne5 Nd7 8. Nf3 Ngf6 9. a3 Bd6 10. Bd3 Ne4 11. Qc2 Rc8 12. Bd2 O-O 13. Qb1 Nxc3 14. Bxc3 Bxd3 15. Qxd3 f5 16. O-O b5 17. Ne5 Bxe5 18. dxe5 Nc5 19. Qe2 Nb3 20. Rad1 Rf7 21. Bb4 Rfc7 22. Qd3 Nc5 23. Qb1 Rc6 24. f3 Qc7 25. Bc3 a5 26. b4 axb4 27. Bxb4 Qxe5 28. Bxc5 Rxc5 29. Rfe1 Ra8 30. Rc1 Rxc1 31. Qxc1 Qd6 32. Qb2 Qb6 33. Kf2 Qb8 34. g3 h5 35. f4 Ra6 36. Rb1 Rb6 37. Qb4 Rc6 1-0

[Event "NOR-ch Women 2019"]
[Site "Bekkestua"]
[Date "2019.03.16"]
[Round "2.6"]
[White "Nordquelle, Amelia"]
[Black "Blauhut, Anna"]
[Result "0-1"]
[ECO "D37"]
[WhiteElo "1595"]
[BlackElo "1081"]
[Annotator "NA RC"]
[PlyCount "66"]
[EventDate "2019.03.15"]
[EventType "swiss"]
[EventCountry "NOR"]
[SourceTitle "playchess.com"]
[Source "ChessBase"]
[SourceQuality "1"]
[TimeControl "5400+30"]

1. d4 d5 2. c4 c6 3. Bf4 Nf6 4. e3 e6 5. Nf3 Be7 6. Nc3 Nbd7 7. Bd3 b6 8. O-O O-O 9. Qc2 Re8 10. e4 dxe4 11. Nxe4 c5 12. Nd6 Bxd6 13. Bxd6 Bb7 14. Ne5 Rc8 15. dxc5 bxc5 16. Rad1 Nxe5 17. Bxe5 Qe7 18. Bxf6 Qxf6 19. Bxh7+ Kf8 20. Rd7 Re7 21. Qd3 Rc7 22. Rxe7 Kxe7 23. Rd1 Kf8 24. Qh3 g6 25. Rd6 Qg5 26. f4 Qxf4 27. Qc3 Qxd6 28. Qh8+ Ke7 29. Bxg6 fxg6 30. Qh7+ Ke8 31. Qxg6+ Kd7 32. h4 Qd4+ 33. Kf1 Qxh4 0-1

[Event "NOR-ch Women 2019"]
[Site "Bekkestua"]
[Date "2019.03.16"]
[Round "2.8"]
[White "Sathren, Linda Fagerli"]
[Black "Lazareva, Emilie"]
[Result "0-1"]
[ECO "C62"]
[WhiteElo "1219"]
[BlackElo "1354"]
[Annotator "NA RC"]
[PlyCount "84"]
[EventDate "2019.03.15"]
[EventType "swiss"]
[EventCountry "NOR"]
[SourceTitle "playchess.com"]
[Source "ChessBase"]
[SourceQuality "1"]
[TimeControl "5400+30"]

1. e4 e5 2. Nf3 Nc6 3. Nc3 Nf6 4. d4 exd4 5. Nxd4 d6 6. Nxc6 bxc6 7. Bc4 Be6 8. Bb3 Be7 9. O-O O-O 10. Be3 Qd7 11. Bxe6 fxe6 12. e5 Nd5 13. Nxd5 cxd5 14. Bd4 c5 15. exd6 Bxd6 16. Bc3 Qe7 17. g3 Qg5 18. Qe2 Qg6 19. f4 Bxf4 20. Rf3 Qg4 21. Qg2 Bd6 22. Raf1 c4 23. a3 Bc5+ 24. Kh1 Rad8 25. Bb4 Rxf3 26. Rxf3 Bb6 27. Qf1 h6 28. Rf7 Qe4+ 29. Rf3 a5 30. Be7 Rd7 31. Bh4 Rf7 32. Kg2 Rxf3 33. Qxf3 Qxf3+ 34. Kxf3 g5 35. Bxg5 hxg5 36. c3 Kf7 37. g4 Kf6 38. Ke2 e5 39. h3 e4 40. a4 Ke5 41. Kd2 Kf4 42. Ke2 Kg3 0-1

[Event "NOR-ch Women 2019"]
[Site "Bekkestua"]
[Date "2019.03.16"]
[Round "3.1"]
[White "Larre, Linnea"]
[Black "Ayzenberg, Alena"]
[Result "0-1"]
[ECO "A53"]
[WhiteElo "1599"]
[BlackElo "1908"]
[Annotator "NA"]
[PlyCount "96"]
[EventDate "2019.03.15"]
[EventType "swiss"]
[EventCountry "NOR"]
[SourceTitle "playchess.com"]
[Source "ChessBase"]
[SourceQuality "1"]
[TimeControl "5400+30"]

1. c4 Nf6 2. g3 e5 3. Bg2 c6 4. d4 d6 5. dxe5 dxe5 6. Qxd8+ Kxd8 7. Nf3 Bd6 8. Nc3 {[%emt 0:03:48] A53: Old Indian Defence without Nf3} Be6 9. b3 h6 10. O-O Ke7 11. Rd1 Nbd7 12. Bb2 Rhd8 13. Rd2 $146 ({Predecessor:} 13. Nd2 Ke8 14. Nce4 Be7 15. Nxf6+ gxf6 {½-½ (42) Hofer,F (2079)-Urban,R (2068) Seefeld 2004}) 13... Bb4 14. Rdd1 Bf5 15. a3 Bxc3 16. Bxc3 Bc2 (16... Ne4 $14 17. Bb4+ (17. Bxe5 Nxe5 18. Nxe5 Nc5 $11) 17... c5) 17. Rdc1 Bxb3 18. Bxe5 Ba4 19. Rab1 Nc5 20. h3 g6 21. Bc3 Nfe4 22. Bb4 a5 23. Be1 f6 24. e3 ({Better is} 24. Nh4 $14) 24... Rd7 25. Nd4 f5 26. Rb6 Nd3 27. Rcb1 Nxe1 28. Bxe4 fxe4 29. Rxe1 Rad8 30. Kg2 Rf8 ({Black should play} 30... c5 $14 31. Ne6 Rc8) 31. Reb1 c5 32. Ne2 Bc6 33. Nf4 Rf6 34. R6b2 Rfd6 35. Rb6 (35. h4 $11) 35... g5 36. Ne2 Rd3 37. R6b3 Rxb3 38. Rxb3 Rd2 39. Kf1 Rd1+ 40. Kg2 Rd3 41. Nc1 Rd1 42. Ne2 a4 43. Rc3 Kd6 44. g4 Rd3 45. Kf1 b5 46. cxb5 Bxb5 47. Ke1 Kd5 48. Kf1 (48. Rxd3+ $11 exd3 49. Nc3+ Kc4 50. Kd2) 48... Rd1+ 0-1

[Event "NOR-ch Women 2019"]
[Site "Bekkestua"]
[Date "2019.03.16"]
[Round "3.2"]
[White "Kyrkjebo, Hanna B."]
[Black "Bjorkly, Sara Marie Skaug"]
[Result "1-0"]
[ECO "B01"]
[WhiteElo "1896"]
[BlackElo "1368"]
[Annotator "NA RC"]
[PlyCount "81"]
[EventDate "2019.03.15"]
[EventType "swiss"]
[EventCountry "NOR"]
[SourceTitle "playchess.com"]
[Source "ChessBase"]
[SourceQuality "1"]
[TimeControl "5400+30"]

1. e4 d5 2. exd5 Nf6 3. Bb5+ Bd7 4. Be2 Nxd5 5. d4 e6 6. Nf3 Be7 7. O-O {[%emt 0:02:27] B01: Scandinavian Defence} O-O 8. c4 Nf6 9. Nc3 c6 (9... c5 10. d5 exd5 11. cxd5 Bg4 12. Qb3 b6 13. h3 Bh5 14. Rd1 Bd6 {1-0 (72) Bueno,A (2303)-Di Berardino,D (2492) Sao Paulo 2010}) 10. Bf4 Bc8 $146 ({Predecessor:} 10... Na6 11. a3 Nc7 12. Ne5 Be8 13. Bf3 Bd6 14. Qe2 Qe7 {1-0 (35) Kun,G (2336)-Banki Horvath,I (2202) Hungary 2012}) 11. h3 Bd6 12. Ne5 Nbd7 13. Nxc6 bxc6 14. Bxd6 Re8 15. Bf3 Ba6 16. Bxc6 Bxc4 (16... Rc8 {was necessary.}) 17. Re1 ({But not} 17. Bxa8 $6 Bxf1 18. Bf3 (18. Qxf1 Qxa8 19. Rc1 Rc8 $16) 18... Qb6 $16) 17... Nb6 18. Bxa8 Qxd6 19. Bf3 Rd8 20. b3 Ba6 21. Ne4 Nxe4 22. Rxe4 Bb7 23. Re1 Nd5 24. Rc1 Qb4 25. Rc4 Qa5 26. a4 Ba6 $2 (26... Qa6 {keeps fighting.} 27. Qe2 Qb6) 27. Rc5 Qb6 28. Bxd5 exd5 29. Rxd5 Rf8 30. Rde5 Bc8 31. d5 Qd6 32. Qf3 Bb7 33. Qe3 h6 34. Qxa7 Bxd5 $18 35. Qd4 Rd8 36. Re8+ Rxe8 37. Rxe8+ Kh7 38. Re5 Qc6 39. Rxd5 Qc1+ 40. Qd1 Qxd1+ 41. Rxd1 1-0

[Event "NOR-ch Women 2019"]
[Site "Bekkestua"]
[Date "2019.03.16"]
[Round "3.4"]
[White "Helliesen, Lykke-Merlot"]
[Black "Kyrkjebo, Marte B."]
[Result "0-1"]
[ECO "C50"]
[WhiteElo "1579"]
[BlackElo "1830"]
[Annotator "NA"]
[PlyCount "60"]
[EventDate "2019.03.15"]
[EventType "swiss"]
[EventCountry "NOR"]
[SourceTitle "playchess.com"]
[Source "ChessBase"]
[SourceQuality "1"]
[TimeControl "5400+30"]

1. e4 e5 2. Nf3 Nc6 3. Bc4 Bc5 4. Nc3 Nf6 5. O-O d6 6. h3 O-O 7. d3 h6 8. Be3 Bb6 9. Qd2 Nh7 10. Nd5 Bxe3 11. fxe3 Ne7 12. d4 Nxd5 13. Bxd5 $11 Qe7 14. Qc3 exd4 15. Qxd4 Nf6 16. e5 dxe5 17. Nxe5 c5 18. Ng6 Qc7 19. Qd3 Rd8 20. Nf4 Nxd5 21. Nxd5 Qe5 22. Rad1 Be6 23. Ne7+ Kh8 24. Qc3 Qg5 25. Rxd8+ Rxd8 26. Nf5 Bxf5 27. Qxc5 Be4 28. Qxg5 hxg5 29. Rxf7 Rd2 30. Rf8+ Kh7 0-1